 Dungeon Crawl Stone Soup version 0.17.1-3-g152610e (webtiles) character file.

78 Zhenya25pyc the Stinger (level 4, -2/24 HPs)
             Began as a Gargoyle Venom Mage on Mar 31, 2016.
             Was an Initiate of Makhleb.
             Slain by an orc
             ... wielding a +0 mace
              (5 damage)
             ... on level 3 of the Dungeon.
             The game lasted 00:10:32 (2194 turns).

Zhenya25pyc the Stinger (Gargoyle Venom Mage)       Turns: 2194, Time: 00:10:32

Health: -2/24      AC:  5    Str: 11    XL:     4   Next: 36%
Magic:  5/7        EV: 12    Int: 17    God:    Makhleb [......]
Gold:   57         SH:  0    Dex: 10    Spells: 1 memorised, 4 levels left

rFire  . . .     SeeInvis .     l - +0 short sword
rCold  . . .     Clarity  .     a - +0 robe
rNeg   + . .     SustAt   .     (no shield)
rPois  ∞         Gourm    .     (no helmet)
rElec  +         Spirit   .     (no cloak)
rCorr  .         Warding  .     (no gloves)
rMut   .         Stasis   .     (no boots)
MR     .....                    (no amulet)
Stlth  ++........               (no ring)
                                (no ring)

@: very slightly contaminated, not resistant to hostile enchantments, unstealthy
A: negative energy resistance 1, electricity resistance, unbreathing,
petrification resistance, rot immunity, AC +3
a: Renounce Religion


You were on level 3 of the Dungeon.
You worshipped Makhleb.
Makhleb was noncommittal.
You were not hungry.

You visited 1 branch of the dungeon, and saw 3 of its levels.

You collected 57 gold pieces.

Inventory:

Hand Weapons
 l - a +0 short sword (weapon)
 n - a +0 short sword
Armour
 a - a +0 robe (worn)
Scrolls
 f - a scroll of identify
 h - 2 scrolls of remove curse
Potions
 d - 2 potions of degeneration {unknown}
 e - 3 potions of curing {unknown}
 g - a potion of brilliance {unknown}
Books
 b - a Young Poisoner's Handbook

   Spells                             Type                      Level
   a - Sting                          Conjuration/Poison           1
   b - Cure Poison                    Poison                       2
   c - Mephitic Cloud                 Conjuration/Poison/Air       3
   d - Olgreb's Toxic Radiance        Poison                       4
   e - Venom Bolt                     Conjuration/Poison           5
Comestibles
 c - a bread ration


   Skills:
 + Level 0.7 Fighting
 + Level 2.0 Dodging
 + Level 2.4 Stealth
 + Level 0.2 Unarmed Combat
 + Level 2.3 Spellcasting
 + Level 0.9 Conjurations
 * Level 0.2 Air Magic
 + Level 4.8 Poison Magic


You had 4 spell levels left.
You knew the following spells:

 Your Spells              Type           Power        Failure   Level  Hunger
b - Mephitic Cloud        Conj/Pois/Air  #.......     24%         3    ###....


Dungeon Overview and Level Annotations

Branches:
Dungeon (3/15)

Altars:
Makhleb
Qazlal
Trog


Innate Abilities, Weirdness & Mutations

You are resistant to torment.
Your stone body is resilient (AC +3).
You are immune to poison.
You resist negative energy.
You are resistant to electric shocks.
You can survive without breathing.
You are immune to petrification.
You are immune to rotting.


Message History

The orc misses you.
You hear some strange, mumbled words.
A puff of flame appears from out of thin air!
The puff of flame misses you. The orc misses you. Something hits you.
* * * LOW HITPOINT WARNING * * *
The orc closely misses you.
You hear some strange, mumbled words.
A magic dart appears from out of thin air!
The magic dart hits you!
* * * LOW HITPOINT WARNING * * *
An orc wizard appears from thin air!
Reactivating autopickup.
The orc hits you but does no damage. The orc barely misses you.
The orc barely misses you. The orc hits you but does no damage.
The orc misses you. The orc hits you with a mace.
You die...

......# #.# ......#
#.##.#
......#######..#.#
...............#.#
.................###
...................#
...................#
.....#.............#
.....#..........@..#
######........ooo..#
#####.........#
#.........#
#.........#
#######.........#
#...............#
#.#####.........#
#.# ########..#


You could see an orc wizard and 2 orcs.

Vanquished Creatures
  A hound (D:2)
  3 adders
  A worm (D:2)
  2 giant geckos
  2 bats (D:2)
  2 giant cockroaches
  3 hobgoblins
  3 kobolds
  3 goblins
  3 rats
23 creatures vanquished.

Notes
Turn   | Place    | Note
--------------------------------------------------------------
     0 | D:1      | Zhenya25pyc the Gargoyle Venom Mage began the quest for the Orb.
     0 | D:1      | Reached XP level 1. HP: 10/10 MP: 3/3
     9 | D:2      | Reached XP level 2. HP: 10/15 MP: 0/5
   426 | D:2      | Reached XP level 3. HP: 2/19 MP: 2/6
   712 | D:2      | Learned a level 3 spell: Mephitic Cloud
   810 | D:2      | Noticed a hound
   834 | D:2      | Killed a hound
   903 | D:2      | Reached XP level 4. HP: 20/24 MP: 3/7
   912 | D:2      | Found a burning altar of Makhleb.
   936 | D:2      | Became a worshipper of Makhleb the Destroyer
  1532 | D:3      | Noticed a big kobold
  1547 | D:3      | Found a stormy altar of Qazlal.
  1584 | D:3      | HP: 1/24 [big kobold/short sword (4)]
  2055 | D:3      | Found a bloodstained altar of Trog.
  2055 | D:3      | Found a burning altar of Makhleb.
  2194 | D:3      | Slain by an orc

Action                   |  1- 3 |  4- 6 || total
-------------------------+-------+-------++-------
Melee: Unarmed           |    31 |       ||    31
       Short sword       |       |     7 ||     7
 Cast: Sting             |    21 |    21 ||    42
       Mephitic Cloud    |     2 |     2 ||     4
  Use: Scroll            |       |     3 ||     3
  Eat: Chunk             |       |     2 ||     2
       Meat ration       |       |     1 ||     1
